AoeStats
← jphilkill

Nomad

510254540Analyzed
4v4 RM · 2d ago on Sep 30, 2026· 40m 32s· 8 players
Game mode
Random Map
Map size
231×231
Population
200
Speed
Normal
Resources
Standard
Victory
Conquest
Starting age
Dark Age
Ending age
Imperial Age
RankedLock teamsTeams togetherTeam positionsShared explorationLock speedFull tech treeHidden civsTurbo modeCheats
Victory
Defeat
🇨🇦 Japanese · Canada
1025
+12
🇮🇩 Huns · Indonesia
985
+14
🇨🇳 Jurchens · China
880
+18
🇦🇷 Italians · Argentina
866
+18
🇩🇪 Huns · Germany
953
-17
🇷🇺 Britons · Russia
947
-16
🇺🇸 Bengalis · United States
932
-16
🇩🇪 Cumans · Germany
872
-13
RAVILKA_BIG
jphilkill
sascha.m.89x
17:35 Feudal Age
18:09 Horse Collar
18:19 Double-Bit Axe
19:31 Wheelbarrow
27:14 Castle Age
26:59 Stone Mining
28:30 Heavy Plow
28:45 Bow Saw
28:28 Gold Mining
28:49 Fletching
28:48 Pikeman
30:27 Squires
32:05 Bloodlines
33:02 Scale Mail Armor
34:07 Thumb Ring
34:25 Ballistics
40:09 Imperial Age
40:17 Elite Kipchak
42:04 Chemistry
41:04 Bodkin Arrow
41:37 Parthian Tactics
BLaCk_HoLE
8:28 Loom
15:26 Feudal Age
20:55 Castle Age
18:57 Fishing Lines
19:56 Stone Mining
22:28 Double-Bit Axe
23:59 Bloodlines
23:49 Husbandry
24:10 Pikeman
28:36 Fletching
28:46 Padded Archer Armor
32:25 Bodkin Arrow
32:36 Gold Mining
34:34 Gold Shaft Mining
thegladiator989
6:59 Loom
15:59 Feudal Age
17:16 Wheelbarrow
16:46 Double-Bit Axe
18:06 Fishing Lines
21:01 Castle Age
19:07 Gold Mining
19:07 Stone Mining
19:10 Fletching
20:04 Forging
21:23 Scale Mail Armor
21:24 Padded Archer Armor
22:00 Gillnets
22:20 Medium Warships
22:06 Town Watch
22:34 Bow Saw
24:33 Hand Cart
24:13 Horse Collar
24:18 Treadmill Crane
24:52 Clinker Construction
24:23 Treadmill Crane
25:49 Bodkin Arrow
26:29 Iron Casting
26:10 Chain Mail Armor
26:43 Medium Warships
28:23 Ballistics
28:14 Careening
28:15 Masonry
30:03 Fervor
30:12 Heavy Plow
35:48 Imperial Age
34:20 Town Patrol
36:27 Sanctity
36:27 Chain Mail Armor
36:28 Leather Archer Armor
38:08 Two-Man Saw
38:34 Blast Furnace
38:04 Plate Mail Armor
37:35 Bracer
38:08 Conscription
38:09 Kataparuto
38:25 Hoardings
38:11 Siege Engineers
38:27 Carvel Hull
38:08 Gambesons
38:23 Squires
38:09 Arson
37:44 Pikeman
38:38 Elite Samurai
40:43 Heavy Warships
41:30 Theocracy
41:20 Illumination
Sukhavati
笙箫楠兮
MrTomatoChips
14:03 Feudal Age
19:04 Castle Age
17:08 Double-Bit Axe
17:04 Horse Collar
19:12 Bloodlines
26:57 Stone Mining
26:59 Gold Mining
28:52 Husbandry
29:04 Forging
28:59 Scale Barding Armor
33:31 Elite Skirmisher
39:10 Fletching
39:22 Padded Archer Armor
Connection lost

Rejoining the realm…

Still unreachable

The connection could not be restored.

Session expired

The server has moved on; the page needs a fresh start.